[ PARTIDA AOE2 · #477503186 ]
UnrankedBritanos vs Khmer
[ ANÁLISIS DE REPETICIÓN · EXTRAÍDO DE LA PARTIDA GRABADA ]
Feudal
13:56
Castillos
17:44
Imperial
31:33
| APM promedio | 55.4 |
| APM pico | 98 |
| eAPM promedio | 24.3 |
| Aldeanos / militares | 157 / 203 |
Foco
⚔️ 28.2% · 🌾 71.8%
Longbowman ×172 · Scout Cavalry ×24 · Fishing Ship ×8 · Trebuchet (Packed) ×6 · Petard ×1
Feudal
13:19
Castillos
16:57
Imperial
38:12
| APM promedio | 99.6 |
| APM pico | 205 |
| eAPM promedio | 63.7 |
| Aldeanos / militares | 142 / 124 |
Foco
⚔️ 72.3% · 🌾 27.7%
Arambai ×81 · Scout Cavalry ×29 · Fishing Ship ×6 · Monk ×4 · Battering Ram ×4 · Trebuchet (Packed) ×4
Feudal
12:02
Castillos
17:17
Imperial
35:07
| APM promedio | 44.3 |
| APM pico | 75 |
| eAPM promedio | 26.7 |
| Aldeanos / militares | 179 / 108 |
Foco
⚔️ 30.0% · 🌾 70.0%
Battle Elephant ×61 · Scout Cavalry ×17 · Scorpion ×12 · Fishing Ship ×9 · Knight ×6 · Monk ×4
Feudal
13:33
Castillos
17:30
Imperial
49:31
| APM promedio | 42.8 |
| APM pico | 98 |
| eAPM promedio | 26.9 |
| Aldeanos / militares | 212 / 62 |
Foco
⚔️ 18.0% · 🌾 82.0%
Rattan Archer ×55 · Fishing Ship ×14 · Unknown (2626) ×6 · Monk ×4 · Mangonel ×3
Feudal
12:52
Castillos
16:57
Imperial
44:13
| APM promedio | 38.3 |
| APM pico | 64 |
| eAPM promedio | 19.5 |
| Aldeanos / militares | 133 / 129 |
Foco
⚔️ 23.4% · 🌾 76.6%
Knight ×117 · Fishing Ship ×12 · Mangonel ×5 · Battering Ram ×4 · Unknown (2626) ×2 · Trebuchet (Packed) ×2
Feudal
12:17
Castillos
19:47
Imperial
35:10
| APM promedio | 42.5 |
| APM pico | 65 |
| eAPM promedio | 24.0 |
| Aldeanos / militares | 153 / 302 |
Foco
⚔️ 36.6% · 🌾 63.4%
Skirmisher ×243 · Elephant Archer ×52 · Unknown (2626) ×14 · Fishing Ship ×5 · Demolition Raft ×3 · Trebuchet (Packed) ×2
Feudal
12:49
Castillos
22:24
Imperial
37:03
| APM promedio | 31.6 |
| APM pico | 59 |
| eAPM promedio | 20.0 |
| Aldeanos / militares | 145 / 39 |
Foco
⚔️ 23.6% · 🌾 76.4%
Knight ×30 · Unknown (2626) ×27 · Fishing Ship ×7 · Bombard Cannon ×7 · Fire Galley ×2
Feudal
13:24
Castillos
17:39
Imperial
—
| APM promedio | 32.9 |
| APM pico | 65 |
| eAPM promedio | 14.0 |
| Aldeanos / militares | 80 / 26 |
Foco
⚔️ 23.8% · 🌾 76.2%
Obuch ×16 · Fishing Ship ×9 · Mangonel ×4 · Battering Ram ×3 · Spearman ×2 · Transport Ship ×1
Mapa de la partida
Recursos iniciales + cada clic de construcción. Líneas = muros · curvas = relieve. ◆ oro · ⬟ piedra · ● bayas · ✦ reliquia · ◌ hueco del cierre
Tu base· Abierta — flanco sin cerrar
Base de Mr.Peo· Abierta — hueco de 14t
Base de Gờ Gờ· Abierta — hueco de 11t
Base de BĂNG GIÁ PRO· Abierta — flanco sin cerrar
Base de bathi90dn· Abierta — hueco de 9t
Base de Chim Cu Đi Tắm· Abierta — flanco sin cerrar
Base de Binereryy· Abierta — flanco sin cerrar
Base de Tienchim· Abierta — hueco de 12t
Terreno inicial suavizado · ◌ = hueco del cierre detectado · pasá el cursor para detalles
Inputs por minuto
— Sói - - Mr.Peo
Build order — Sói
Primeras 150 de 408 acciones detectadas
| 0:18 | Construir | Town Center |
| 0:41 | Construir | House |
| 0:41 | Construir | Dock |
| 2:38 | Crear | Villager (Male) |
| 2:38 | Crear | Villager (Male) |
| 2:39 | Crear | Villager (Male) |
| 2:39 | Crear | Villager (Male) |
| 2:39 | Crear | Villager (Male) |
| 3:53 | Crear | Fishing Ship |
| 4:10 | Crear | Villager (Male) |
| 4:10 | Crear | Villager (Male) |
| 4:15 | Construir | House |
| 4:39 | Investigar | Loom |
| 5:02 | Crear | Villager (Male) |
| 5:27 | Crear | Villager (Male) |
| 5:54 | Crear | Villager (Male) |
| 5:56 | Crear | Fishing Ship |
| 5:56 | Crear | Fishing Ship |
| 6:07 | Construir | House |
| 6:12 | Construir | House |
| 6:16 | Crear | Villager (Male) |
| 6:16 | Crear | Villager (Male) |
| 6:44 | Crear | Villager (Male) |
| 6:44 | Crear | Villager (Male) |
| 6:55 | Crear | Fishing Ship |
| 7:11 | Crear | Villager (Male) |
| 7:23 | Crear | Villager (Male) |
| 7:23 | Crear | Villager (Male) |
| 7:23 | Crear | Villager (Male) |
| 7:34 | Crear | Fishing Ship |
| 7:55 | Crear | Villager (Male) |
| 7:55 | Crear | Villager (Male) |
| 8:33 | Construir | House |
| 8:36 | Crear | Fishing Ship |
| 8:38 | Crear | Villager (Male) |
| 8:38 | Crear | Villager (Male) |
| 8:57 | Crear | Fishing Ship |
| 9:01 | Construir | House |
| 9:12 | Crear | Villager (Male) |
| 9:16 | Crear | Villager (Male) |
| 9:16 | Crear | Villager (Male) |
| 9:36 | Crear | Villager (Male) |
| 9:37 | Crear | Villager (Male) |
| 9:37 | Crear | Villager (Male) |
| 9:37 | Crear | Villager (Male) |
| 9:37 | Crear | Villager (Male) |
| 9:38 | Crear | Villager (Male) |
| 10:17 | Construir | Mill |
| 10:30 | Construir | House |
| 10:36 | Crear | Fishing Ship |
| 10:46 | Construir | House |
| 11:37 | Investigar | Feudal Age |
| 11:39 | Construir | House |
| 11:55 | Construir | Mining Camp |
| 13:30 | Crear | Villager (Male) |
| 13:32 | Crear | Villager (Male) |
| 13:50 | Construir | Dock |
| 13:56 | Edad | Edad Feudal |
| 13:58 | Construir | Market |
| 14:05 | Construir | Blacksmith |
| 14:53 | Construir | Mining Camp |
| 15:04 | Investigar | Castle Age |
| 15:04 | Investigar | Castle Age |
| 15:08 | Construir | House |
| 15:44 | Construir | Lumber Camp |
| 15:54 | Construir | Palisade Wall |
| 15:55 | Construir | Palisade Wall |
| 16:13 | Investigar | Double-Bit Axe |
| 16:49 | Investigar | Gold Mining |
| 16:50 | Investigar | Fletching |
| 17:10 | Crear | Villager (Male) |
| 17:19 | Construir | House |
| 17:44 | Edad | Edad de los Castillos |
| 17:51 | Construir | Castle |
| 17:54 | Crear | Villager (Male) |
| 18:00 | Investigar | Bow Saw |
| 18:01 | Investigar | Bodkin Arrow |
| 18:01 | Investigar | Bodkin Arrow |
| 18:15 | Construir | House |
| 18:20 | Construir | Stone Wall |
| 18:36 | Crear | Villager (Male) |
| 18:56 | Crear | Villager (Male) |
| 18:59 | Crear | Longbowman |
| 19:04 | Construir | Town Center |
| 19:12 | Crear | Longbowman |
| 19:14 | Crear | Longbowman |
| 19:27 | Crear | Villager (Male) |
| 19:30 | Investigar | Horse Collar |
| 19:32 | Crear | Longbowman |
| 19:39 | Crear | Villager (Male) |
| 19:50 | Crear | Longbowman |
| 20:21 | Crear | Longbowman |
| 20:37 | Crear | Longbowman |
| 20:38 | Crear | Villager (Male) |
| 20:44 | Investigar | Heavy Plow |
| 20:44 | Investigar | Heavy Plow |
| 20:49 | Construir | Town Center |
| 21:20 | Crear | Longbowman |
| 21:25 | Crear | Villager (Male) |
| 21:26 | Crear | Villager (Male) |
| 21:27 | Crear | Villager (Male) |
| 21:35 | Construir | Farm |
| 21:50 | Crear | Longbowman |
| 21:50 | Crear | Longbowman |
| 21:57 | Crear | Villager (Male) |
| 21:59 | Construir | Farm |
| 22:01 | Construir | Farm |
| 22:04 | Crear | Villager (Male) |
| 22:10 | Construir | Farm |
| 22:21 | Crear | Longbowman |
| 22:23 | Crear | Villager (Male) |
| 22:23 | Crear | Villager (Male) |
| 22:24 | Crear | Villager (Male) |
| 22:28 | Construir | Farm |
| 23:12 | Crear | Longbowman |
| 23:13 | Crear | Longbowman |
| 23:19 | Crear | Villager (Male) |
| 23:19 | Crear | Villager (Male) |
| 23:21 | Construir | Farm |
| 23:23 | Construir | Farm |
| 23:40 | Crear | Longbowman |
| 24:10 | Crear | Longbowman |
| 24:11 | Crear | Longbowman |
| 25:02 | Crear | Villager (Male) |
| 25:02 | Crear | Villager (Male) |
| 25:02 | Crear | Villager (Male) |
| 25:05 | Construir | Farm |
| 25:23 | Investigar | Padded Archer Armor |
| 25:25 | Crear | Villager (Male) |
| 25:26 | Crear | Villager (Male) |
| 25:28 | Construir | House |
| 25:30 | Construir | Farm |
| 25:30 | Construir | Farm |
| 25:31 | Construir | Farm |
| 25:31 | Construir | Farm |
| 25:31 | Construir | Farm |
| 25:57 | Crear | Longbowman |
| 26:02 | Investigar | Town Watch |
| 26:02 | Investigar | Wheelbarrow |
| 26:12 | Crear | Villager (Male) |
| 26:12 | Crear | Villager (Male) |
| 26:12 | Crear | Villager (Male) |
| 26:14 | Construir | Farm |
| 26:15 | Construir | Farm |
| 26:15 | Construir | Farm |
| 26:15 | Construir | Farm |
| 26:30 | Crear | Longbowman |
| 26:31 | Crear | Villager (Male) |
| 26:32 | Crear | Villager (Male) |
| 26:33 | Construir | Farm |
Build order — Mr.Peo
Primeras 150 de 462 acciones detectadas
| 0:56 | Construir | Town Center |
| 1:22 | Construir | Dock |
| 1:32 | Construir | House |
| 2:52 | Crear | Villager (Male) |
| 2:52 | Crear | Villager (Male) |
| 2:53 | Crear | Villager (Male) |
| 2:53 | Crear | Villager (Male) |
| 4:06 | Crear | Fishing Ship |
| 4:23 | Crear | Villager (Male) |
| 4:55 | Investigar | Loom |
| 5:00 | Construir | House |
| 5:05 | Crear | Villager (Male) |
| 5:32 | Crear | Villager (Male) |
| 5:56 | Crear | Villager (Male) |
| 6:02 | Crear | Fishing Ship |
| 6:19 | Crear | Villager (Male) |
| 6:30 | Construir | House |
| 6:52 | Crear | Villager (Male) |
| 6:56 | Crear | Fishing Ship |
| 7:10 | Construir | Palisade Wall |
| 7:18 | Crear | Villager (Male) |
| 7:25 | Crear | Villager (Male) |
| 7:38 | Crear | Fishing Ship |
| 7:52 | Crear | Villager (Male) |
| 7:56 | Crear | Villager (Male) |
| 8:04 | Construir | House |
| 8:15 | Crear | Villager (Male) |
| 8:18 | Construir | House |
| 8:28 | Crear | Fishing Ship |
| 8:29 | Crear | Villager (Male) |
| 8:46 | Crear | Villager (Male) |
| 8:46 | Crear | Villager (Male) |
| 8:47 | Construir | House |
| 8:53 | Construir | House |
| 9:00 | Crear | Villager (Male) |
| 9:11 | Crear | Villager (Male) |
| 9:21 | Construir | House |
| 9:22 | Crear | Villager (Male) |
| 9:29 | Crear | Fishing Ship |
| 9:43 | Crear | Villager (Male) |
| 9:49 | Construir | Palisade Wall |
| 9:53 | Construir | Palisade Wall |
| 9:54 | Construir | Palisade Wall |
| 10:01 | Crear | Villager (Male) |
| 10:08 | Construir | Mining Camp |
| 10:25 | Crear | Villager (Male) |
| 10:42 | Crear | Villager (Male) |
| 10:42 | Crear | Villager (Male) |
| 10:43 | Crear | Villager (Male) |
| 10:43 | Crear | Villager (Male) |
| 10:43 | Crear | Villager (Male) |
| 10:53 | Investigar | Feudal Age |
| 11:27 | Construir | Mill |
| 11:39 | Construir | House |
| 11:55 | Construir | House |
| 12:46 | Construir | Palisade Wall |
| 13:19 | Edad | Edad Feudal |
| 13:20 | Construir | Blacksmith |
| 13:21 | Crear | Villager (Male) |
| 13:28 | Construir | Market |
| 13:31 | Crear | Villager (Male) |
| 13:41 | Construir | House |
| 13:42 | Construir | Palisade Wall |
| 14:08 | Construir | Mining Camp |
| 14:17 | Investigar | Castle Age |
| 15:01 | Construir | Lumber Camp |
| 16:02 | Construir | House |
| 16:10 | Investigar | Horse Collar |
| 16:27 | Crear | Unit 2626 |
| 16:42 | Investigar | Gold Mining |
| 16:57 | Edad | Edad de los Castillos |
| 17:00 | Crear | Villager (Male) |
| 17:16 | Crear | Villager (Male) |
| 17:26 | Construir | Castle |
| 18:31 | Crear | Villager (Male) |
| 18:51 | Crear | Arambai |
| 18:52 | Crear | Arambai |
| 18:56 | Construir | Palisade Gate |
| 19:00 | Crear | Arambai |
| 19:12 | Crear | Arambai |
| 19:17 | Construir | Town Center |
| 19:23 | Crear | Arambai |
| 19:29 | Construir | House |
| 19:33 | Crear | Arambai |
| 19:45 | Crear | Arambai |
| 19:51 | Investigar | Padded Archer Armor |
| 19:53 | Crear | Villager (Male) |
| 19:58 | Crear | Arambai |
| 20:04 | Crear | Arambai |
| 20:20 | Crear | Villager (Male) |
| 20:20 | Crear | Villager (Male) |
| 20:23 | Crear | Arambai |
| 20:34 | Crear | Villager (Male) |
| 20:54 | Investigar | Town Watch |
| 20:56 | Crear | Villager (Male) |
| 20:57 | Crear | Villager (Male) |
| 21:10 | Construir | Dock |
| 21:47 | Crear | Villager (Male) |
| 21:55 | Crear | Arambai |
| 22:03 | Crear | Arambai |
| 22:07 | Investigar | Fletching |
| 22:31 | Crear | Arambai |
| 22:33 | Crear | Villager (Male) |
| 22:35 | Investigar | Wheelbarrow |
| 22:51 | Crear | Villager (Male) |
| 22:54 | Crear | Villager (Male) |
| 23:03 | Crear | Arambai |
| 23:03 | Crear | Arambai |
| 23:03 | Crear | Arambai |
| 23:42 | Crear | Arambai |
| 23:43 | Crear | Villager (Male) |
| 23:43 | Crear | Villager (Male) |
| 23:50 | Construir | Siege Workshop |
| 24:07 | Construir | Farm |
| 24:08 | Construir | Farm |
| 24:09 | Construir | Farm |
| 24:25 | Crear | Villager (Male) |
| 24:25 | Crear | Villager (Male) |
| 24:34 | Crear | Villager (Male) |
| 24:35 | Crear | Villager (Male) |
| 24:56 | Crear | Villager (Male) |
| 24:57 | Crear | Villager (Male) |
| 24:57 | Crear | Villager (Male) |
| 24:59 | Construir | Farm |
| 25:00 | Crear | Villager (Male) |
| 25:00 | Crear | Villager (Male) |
| 25:09 | Construir | Outpost |
| 25:10 | Crear | Battering Ram |
| 25:10 | Crear | Battering Ram |
| 25:17 | Construir | House |
| 25:18 | Construir | House |
| 25:24 | Construir | Farm |
| 25:27 | Crear | Villager (Male) |
| 25:39 | Crear | Villager (Male) |
| 25:39 | Crear | Villager (Male) |
| 25:47 | Crear | Battering Ram |
| 25:53 | Crear | Villager (Male) |
| 26:28 | Crear | Villager (Male) |
| 26:28 | Crear | Villager (Male) |
| 26:29 | Crear | Villager (Male) |
| 26:31 | Crear | Villager (Male) |
| 26:49 | Crear | Mangonel |
| 26:52 | Crear | Villager (Male) |
| 26:53 | Crear | Villager (Male) |
| 27:07 | Construir | Town Center |
| 27:11 | Crear | Arambai |
| 27:11 | Crear | Arambai |
| 27:17 | Crear | Arambai |
| 27:23 | Crear | Arambai |
| 27:25 | Crear | Arambai |
Build order — Gờ Gờ
Primeras 150 de 405 acciones detectadas
| 0:07 | Construir | Town Center |
| 0:38 | Construir | Dock |
| 0:49 | Construir | House |
| 2:28 | Crear | Villager (Male) |
| 2:28 | Crear | Villager (Male) |
| 2:29 | Crear | Villager (Male) |
| 2:29 | Crear | Villager (Male) |
| 2:29 | Crear | Villager (Male) |
| 3:45 | Crear | Villager (Male) |
| 3:45 | Crear | Villager (Male) |
| 3:47 | Crear | Fishing Ship |
| 4:21 | Construir | House |
| 4:35 | Crear | Villager (Male) |
| 5:07 | Crear | Villager (Male) |
| 5:25 | Crear | Fishing Ship |
| 5:25 | Crear | Fishing Ship |
| 5:31 | Crear | Villager (Male) |
| 5:31 | Crear | Villager (Male) |
| 5:35 | Construir | House |
| 5:36 | Construir | House |
| 5:53 | Crear | Villager (Male) |
| 5:56 | Construir | House |
| 6:21 | Crear | Fishing Ship |
| 6:22 | Crear | Villager (Male) |
| 6:41 | Construir | House |
| 6:48 | Crear | Villager (Male) |
| 7:07 | Crear | Villager (Male) |
| 7:12 | Crear | Fishing Ship |
| 7:34 | Crear | Villager (Male) |
| 7:39 | Crear | Fishing Ship |
| 7:43 | Crear | Villager (Male) |
| 7:50 | Crear | Villager (Male) |
| 8:22 | Crear | Villager (Male) |
| 8:29 | Crear | Fishing Ship |
| 9:01 | Crear | Fishing Ship |
| 9:18 | Crear | Villager (Male) |
| 9:42 | Construir | Mining Camp |
| 9:45 | Construir | Mining Camp |
| 9:53 | Investigar | Feudal Age |
| 9:53 | Investigar | Feudal Age |
| 10:39 | Construir | House |
| 11:01 | Construir | Dock |
| 11:52 | Crear | Villager (Male) |
| 12:02 | Edad | Edad Feudal |
| 12:05 | Crear | Unit 2626 |
| 12:05 | Crear | Unit 2626 |
| 12:16 | Construir | Lumber Camp |
| 12:29 | Crear | Villager (Male) |
| 12:46 | Crear | Villager (Male) |
| 13:00 | Crear | Fire Galley |
| 13:01 | Crear | Fire Galley |
| 13:29 | Crear | Villager (Male) |
| 13:42 | Crear | Villager (Male) |
| 13:46 | Construir | House |
| 13:58 | Construir | House |
| 14:12 | Investigar | Loom |
| 14:15 | Investigar | Castle Age |
| 14:24 | Investigar | Double-Bit Axe |
| 14:24 | Investigar | Double-Bit Axe |
| 14:25 | Investigar | Castle Age |
| 14:25 | Investigar | Castle Age |
| 14:49 | Construir | Outpost |
| 14:54 | Construir | House |
| 15:02 | Construir | Stable |
| 15:24 | Crear | Villager (Male) |
| 15:50 | Construir | House |
| 15:51 | Construir | House |
| 16:25 | Crear | Scout Cavalry |
| 17:05 | Crear | Scout Cavalry |
| 17:08 | Crear | Villager (Male) |
| 17:12 | Crear | Villager (Male) |
| 17:17 | Edad | Edad de los Castillos |
| 17:23 | Crear | Villager (Male) |
| 17:28 | Construir | Town Center |
| 17:36 | Crear | Unit 2626 |
| 17:36 | Crear | Unit 2626 |
| 17:53 | Crear | Knight |
| 17:55 | Crear | Villager (Male) |
| 18:10 | Crear | Villager (Male) |
| 18:36 | Investigar | Wheelbarrow |
| 18:40 | Crear | Knight |
| 19:00 | Construir | Farm |
| 19:02 | Construir | Farm |
| 19:23 | Construir | Farm |
| 19:25 | Construir | Farm |
| 19:53 | Construir | Town Center |
| 19:55 | Crear | Villager (Male) ×2 |
| 20:08 | Crear | Villager (Male) |
| 20:22 | Crear | Knight |
| 20:27 | Construir | Farm |
| 20:28 | Construir | Farm |
| 20:31 | Construir | Farm |
| 20:39 | Crear | Villager (Male) |
| 20:44 | Construir | Farm |
| 20:52 | Crear | Villager (Male) |
| 21:00 | Construir | Farm |
| 21:03 | Construir | Farm |
| 21:04 | Crear | Fishing Ship |
| 21:25 | Crear | Knight |
| 21:33 | Construir | Monastery |
| 21:40 | Crear | Villager (Male) ×2 |
| 21:52 | Crear | Villager (Male) |
| 22:01 | Crear | Villager (Male) |
| 22:08 | Crear | Monk |
| 22:15 | Construir | Farm |
| 22:16 | Construir | Farm |
| 22:17 | Crear | Villager (Male) |
| 22:29 | Crear | Villager (Male) |
| 22:34 | Crear | Monk |
| 22:37 | Construir | House |
| 22:39 | Crear | Knight |
| 22:53 | Construir | Town Center |
| 22:54 | Crear | Villager (Male) |
| 22:55 | Crear | Villager (Male) |
| 22:55 | Crear | Villager (Male) |
| 23:08 | Construir | House |
| 23:11 | Construir | Stone Wall |
| 23:15 | Crear | Villager (Male) |
| 23:23 | Crear | Villager (Male) |
| 23:52 | Crear | Villager (Male) ×3 |
| 24:03 | Construir | Market |
| 24:04 | Construir | Farm |
| 24:04 | Construir | Farm |
| 24:05 | Construir | Farm |
| 24:14 | Investigar | Fervor |
| 24:17 | Crear | Villager (Male) ×2 |
| 24:29 | Crear | Villager (Male) |
| 24:32 | Construir | Farm |
| 24:33 | Construir | Farm |
| 24:36 | Construir | Farm |
| 24:37 | Construir | Farm |
| 24:39 | Construir | Farm |
| 24:40 | Crear | Villager (Male) |
| 24:42 | Construir | Farm |
| 24:44 | Construir | Farm |
| 24:48 | Crear | Villager (Male) |
| 24:58 | Construir | Siege Workshop |
| 25:01 | Construir | Siege Workshop |
| 25:03 | Crear | Villager (Male) ×2 |
| 25:07 | Investigar | Bow Saw |
| 25:07 | Investigar | Bow Saw |
| 25:13 | Construir | Farm |
| 25:14 | Construir | Farm |
| 25:18 | Crear | Villager (Male) |
| 25:25 | Construir | Mill |
| 25:29 | Crear | Villager (Male) ×2 |
| 25:32 | Crear | Monk |
| 25:36 | Crear | Scorpion |
| 25:38 | Crear | Villager (Male) |
| 25:38 | Crear | Villager (Male) |
Build order — BĂNG GIÁ PRO
Primeras 150 de 475 acciones detectadas
| 0:09 | Construir | Town Center |
| 1:07 | Construir | Dock |
| 1:09 | Construir | House |
| 2:29 | Crear | Villager (Male) |
| 2:29 | Crear | Villager (Male) |
| 2:30 | Crear | Villager (Male) |
| 2:30 | Crear | Villager (Male) |
| 3:29 | Crear | Fishing Ship |
| 4:10 | Investigar | Loom |
| 4:21 | Construir | House |
| 4:32 | Crear | Villager (Male) |
| 4:57 | Crear | Villager (Male) |
| 4:58 | Crear | Villager (Male) |
| 5:14 | Crear | Fishing Ship |
| 5:15 | Crear | Fishing Ship |
| 5:19 | Crear | Villager (Male) |
| 5:19 | Crear | Villager (Male) |
| 5:38 | Crear | Villager (Male) |
| 5:39 | Crear | Villager (Male) |
| 5:51 | Construir | House |
| 6:13 | Crear | Villager (Male) |
| 6:19 | Crear | Fishing Ship |
| 6:30 | Crear | Villager (Male) |
| 6:57 | Crear | Fishing Ship |
| 6:57 | Crear | Fishing Ship |
| 6:59 | Crear | Villager (Male) |
| 6:59 | Crear | Villager (Male) |
| 7:17 | Crear | Villager (Male) |
| 7:22 | Construir | House |
| 7:29 | Crear | Villager (Male) |
| 7:35 | Crear | Fishing Ship |
| 8:08 | Crear | Villager (Male) |
| 8:08 | Crear | Villager (Male) |
| 8:16 | Crear | Fishing Ship |
| 8:27 | Construir | House |
| 8:29 | Crear | Villager (Male) |
| 8:29 | Crear | Villager (Male) |
| 9:07 | Crear | Villager (Male) |
| 9:15 | Crear | Fishing Ship |
| 9:18 | Construir | House |
| 9:34 | Construir | Mill |
| 9:43 | Crear | Villager (Male) |
| 9:52 | Crear | Villager (Male) |
| 10:06 | Crear | Fishing Ship |
| 10:26 | Crear | Villager (Male) |
| 10:51 | Crear | Villager (Male) |
| 11:03 | Crear | Fishing Ship |
| 11:14 | Investigar | Feudal Age |
| 11:24 | Construir | Mining Camp |
| 12:02 | Construir | House |
| 12:40 | Construir | Dock |
| 12:47 | Construir | Palisade Wall |
| 12:48 | Construir | Palisade Wall |
| 12:49 | Construir | Palisade Wall |
| 12:50 | Construir | Palisade Wall |
| 12:50 | Construir | Palisade Wall |
| 13:22 | Crear | Villager (Male) |
| 13:25 | Crear | Villager (Male) |
| 13:33 | Edad | Edad Feudal |
| 13:35 | Construir | Market |
| 14:02 | Crear | Villager (Male) |
| 14:21 | Construir | Blacksmith |
| 14:46 | Construir | Palisade Wall |
| 14:47 | Construir | Palisade Wall |
| 14:48 | Construir | Palisade Wall |
| 14:50 | Investigar | Castle Age |
| 14:50 | Investigar | Castle Age |
| 15:03 | Investigar | Tech 906 |
| 15:03 | Investigar | Tech 906 |
| 15:31 | Construir | Lumber Camp |
| 15:53 | Investigar | Double-Bit Axe |
| 15:53 | Investigar | Double-Bit Axe |
| 16:13 | Investigar | Gold Mining |
| 16:17 | Crear | Villager (Male) |
| 16:46 | Construir | House |
| 16:49 | Construir | Palisade Wall |
| 17:20 | Construir | Palisade Gate |
| 17:30 | Edad | Edad de los Castillos |
| 17:31 | Crear | Villager (Male) |
| 17:39 | Construir | Town Center |
| 17:42 | Investigar | Bow Saw |
| 17:42 | Investigar | Bow Saw |
| 17:44 | Investigar | Gillnets |
| 17:49 | Construir | Town Center |
| 18:15 | Crear | Villager (Male) |
| 18:17 | Construir | House |
| 18:20 | Construir | House |
| 18:25 | Construir | Palisade Wall |
| 18:31 | Crear | Villager (Male) |
| 18:34 | Construir | Monastery |
| 18:35 | Crear | Villager (Male) |
| 18:58 | Crear | Monk |
| 19:07 | Crear | Villager (Male) |
| 19:23 | Crear | Villager (Male) |
| 19:27 | Crear | Villager (Male) |
| 19:29 | Crear | Villager (Male) |
| 19:39 | Crear | Monk |
| 19:40 | Crear | Villager (Male) |
| 19:40 | Crear | Villager (Male) |
| 19:45 | Crear | Villager (Male) |
| 19:45 | Crear | Villager (Male) |
| 20:00 | Crear | Villager (Male) |
| 20:03 | Crear | Villager (Male) |
| 20:09 | Construir | Dock |
| 20:15 | Crear | Villager (Male) |
| 20:20 | Investigar | Horse Collar |
| 20:21 | Crear | Villager (Male) |
| 20:57 | Crear | Villager (Male) |
| 20:57 | Crear | Villager (Male) |
| 21:01 | Crear | Fishing Ship |
| 21:01 | Crear | Fishing Ship |
| 21:02 | Crear | Fishing Ship |
| 21:15 | Crear | Villager (Male) |
| 21:28 | Construir | Siege Workshop |
| 21:33 | Crear | Villager (Male) |
| 21:37 | Crear | Villager (Male) |
| 21:38 | Crear | Villager (Male) |
| 21:38 | Crear | Villager (Male) |
| 21:38 | Crear | Villager (Male) |
| 21:38 | Crear | Villager (Male) |
| 21:42 | Construir | Lumber Camp |
| 21:45 | Construir | Lumber Camp |
| 21:47 | Crear | Mangonel |
| 22:00 | Crear | Villager (Male) |
| 22:09 | Construir | House |
| 22:18 | Crear | Monk |
| 22:21 | Crear | Villager (Male) |
| 22:26 | Crear | Mangonel |
| 22:27 | Crear | Villager (Male) |
| 22:27 | Crear | Villager (Male) |
| 22:27 | Crear | Villager (Male) |
| 23:11 | Crear | Villager (Male) |
| 23:11 | Crear | Villager (Male) |
| 23:14 | Crear | Villager (Male) |
| 23:15 | Crear | Villager (Male) |
| 23:15 | Crear | Villager (Male) |
| 23:15 | Crear | Villager (Male) |
| 23:47 | Construir | Town Center |
| 23:54 | Crear | Villager (Male) |
| 24:05 | Crear | Mangonel |
| 24:12 | Crear | Villager (Male) |
| 24:12 | Crear | Villager (Male) |
| 24:26 | Crear | Villager (Male) |
| 25:02 | Crear | Villager (Male) |
| 25:05 | Crear | Monk |
| 25:11 | Crear | Villager (Male) |
| 25:23 | Construir | House |
| 25:35 | Crear | Villager (Male) |
| 25:35 | Crear | Villager (Male) |
| 25:35 | Crear | Villager (Male) |
Build order — bathi90dn
Primeras 150 de 348 acciones detectadas
| 0:26 | Construir | Town Center |
| 1:29 | Construir | Dock |
| 1:33 | Construir | House |
| 2:37 | Crear | Villager (Male) ×4 |
| 4:04 | Investigar | Loom |
| 4:12 | Crear | Fishing Ship |
| 4:29 | Crear | Villager (Male) |
| 4:33 | Construir | House |
| 5:08 | Crear | Villager (Male) |
| 5:10 | Crear | Fishing Ship |
| 5:35 | Crear | Villager (Male) |
| 5:35 | Crear | Villager (Male) |
| 5:42 | Construir | House |
| 6:06 | Crear | Villager (Male) |
| 6:17 | Crear | Fishing Ship |
| 6:31 | Crear | Villager (Male) |
| 6:48 | Crear | Villager (Male) |
| 7:02 | Construir | House |
| 7:15 | Crear | Villager (Male) |
| 7:15 | Crear | Villager (Male) |
| 7:25 | Crear | Fishing Ship |
| 7:25 | Crear | Fishing Ship |
| 7:28 | Crear | Villager (Male) |
| 8:07 | Crear | Villager (Male) |
| 8:08 | Crear | Villager (Male) |
| 8:14 | Crear | Fishing Ship |
| 8:21 | Construir | House |
| 8:42 | Crear | Villager (Male) |
| 8:52 | Crear | Villager (Male) |
| 8:59 | Crear | Fishing Ship |
| 9:01 | Crear | Villager (Male) |
| 9:26 | Crear | Fishing Ship |
| 9:27 | Crear | Villager (Male) |
| 9:48 | Construir | Lumber Camp |
| 10:33 | Investigar | Feudal Age |
| 10:59 | Construir | Dock |
| 11:01 | Construir | House |
| 11:20 | Construir | Mining Camp |
| 12:01 | Construir | Barracks |
| 12:52 | Edad | Edad Feudal |
| 12:53 | Crear | Villager (Male) |
| 12:55 | Construir | Stable |
| 13:14 | Crear | Villager (Male) |
| 13:30 | Construir | Blacksmith |
| 13:45 | Crear | Scout Cavalry |
| 13:51 | Crear | Villager (Male) |
| 14:12 | Construir | House |
| 14:15 | Construir | House |
| 14:17 | Investigar | Castle Age |
| 14:17 | Investigar | Castle Age |
| 14:51 | Investigar | Double-Bit Axe |
| 15:29 | Investigar | Forging |
| 15:37 | Construir | Mill |
| 15:38 | Crear | Fishing Ship |
| 15:38 | Crear | Fishing Ship |
| 15:42 | Construir | House |
| 16:32 | Crear | Fishing Ship |
| 16:33 | Crear | Fishing Ship |
| 16:36 | Crear | Villager (Male) |
| 16:57 | Investigar | Gold Mining |
| 16:57 | Edad | Edad de los Castillos |
| 16:57 | Investigar | Gold Mining |
| 16:59 | Crear | Knight |
| 17:02 | Construir | Town Center |
| 17:35 | Crear | Knight |
| 17:37 | Crear | Knight |
| 17:40 | Construir | Siege Workshop |
| 18:08 | Crear | Villager (Male) |
| 18:10 | Crear | Villager (Male) |
| 18:12 | Crear | Villager (Male) |
| 18:14 | Crear | Villager (Male) |
| 18:47 | Crear | Villager (Male) |
| 18:53 | Construir | Siege Workshop |
| 19:04 | Crear | Villager (Male) |
| 19:16 | Construir | Town Center |
| 19:21 | Crear | Villager (Male) |
| 19:25 | Investigar | Husbandry |
| 19:51 | Crear | Mangonel |
| 19:52 | Construir | House |
| 19:52 | Construir | House |
| 19:52 | Construir | House |
| 20:03 | Investigar | Scale Barding Armor |
| 20:06 | Crear | Villager (Male) |
| 20:06 | Crear | Villager (Male) |
| 20:13 | Crear | Villager (Male) |
| 20:33 | Construir | Palisade Wall |
| 20:41 | Crear | Mangonel |
| 20:42 | Crear | Knight |
| 20:43 | Crear | Knight |
| 20:49 | Crear | Villager (Male) |
| 20:50 | Crear | Villager (Male) |
| 21:24 | Crear | Battering Ram |
| 21:30 | Investigar | Wheelbarrow |
| 21:37 | Crear | Villager (Male) |
| 21:44 | Construir | House |
| 21:51 | Crear | Villager (Male) |
| 21:55 | Crear | Villager (Male) |
| 22:07 | Crear | Knight |
| 22:10 | Construir | Stable |
| 22:20 | Crear | Villager (Male) |
| 23:12 | Investigar | Iron Casting |
| 23:16 | Crear | Knight |
| 23:21 | Construir | Farm |
| 23:22 | Construir | Farm |
| 23:25 | Crear | Villager (Male) |
| 23:48 | Crear | Villager (Male) |
| 23:51 | Construir | Farm |
| 23:52 | Construir | Farm |
| 23:52 | Construir | Farm |
| 23:53 | Construir | Farm |
| 23:53 | Construir | Farm |
| 23:53 | Construir | Farm |
| 24:25 | Crear | Villager (Male) |
| 24:27 | Construir | Mining Camp |
| 24:30 | Crear | Mangonel |
| 25:03 | Crear | Battering Ram |
| 25:06 | Crear | Villager (Male) |
| 25:09 | Construir | Lumber Camp |
| 25:11 | Construir | Lumber Camp |
| 25:12 | Crear | Villager (Male) |
| 25:16 | Crear | Villager (Male) |
| 25:39 | Crear | Villager (Male) |
| 25:47 | Crear | Knight |
| 25:58 | Construir | House |
| 25:58 | Construir | House |
| 26:12 | Crear | Mangonel |
| 26:14 | Crear | Mangonel |
| 26:34 | Crear | Villager (Male) |
| 26:36 | Crear | Villager (Male) |
| 26:38 | Construir | Farm |
| 26:52 | Crear | Villager (Male) |
| 26:56 | Construir | Farm |
| 26:57 | Construir | Farm |
| 27:06 | Construir | Town Center |
| 27:33 | Crear | Villager (Male) |
| 27:34 | Crear | Villager (Male) |
| 28:04 | Crear | Unit 2626 |
| 28:05 | Crear | Unit 2626 |
| 28:33 | Construir | Town Center |
| 28:47 | Crear | Villager (Male) |
| 28:55 | Crear | Villager (Male) |
| 28:56 | Crear | Villager (Male) |
| 29:11 | Construir | Stable |
| 29:12 | Construir | Stable |
| 29:17 | Crear | Knight |
| 29:18 | Crear | Knight |
| 29:20 | Investigar | Chain Barding Armor |
| 29:27 | Crear | Villager (Male) |
| 29:27 | Crear | Villager (Male) |
| 29:29 | Crear | Villager (Male) |
Build order — Chim Cu Đi Tắm
Primeras 150 de 523 acciones detectadas
| 0:29 | Construir | Town Center |
| 0:55 | Construir | Dock |
| 2:03 | Construir | House |
| 2:49 | Construir | House |
| 3:07 | Crear | Villager (Male) |
| 3:07 | Crear | Villager (Male) |
| 3:08 | Crear | Villager (Male) |
| 3:08 | Crear | Villager (Male) |
| 3:17 | Construir | House |
| 3:35 | Construir | House |
| 3:47 | Construir | House |
| 3:54 | Crear | Villager (Male) |
| 3:58 | Construir | House |
| 4:08 | Construir | House |
| 4:38 | Crear | Fishing Ship |
| 5:09 | Crear | Villager (Male) |
| 5:12 | Construir | House |
| 5:36 | Crear | Villager (Male) |
| 6:04 | Crear | Villager (Male) |
| 6:05 | Crear | Fishing Ship |
| 6:22 | Construir | House |
| 6:37 | Crear | Villager (Male) |
| 6:55 | Crear | Fishing Ship |
| 7:01 | Crear | Villager (Male) |
| 7:26 | Crear | Villager (Male) |
| 7:37 | Crear | Fishing Ship |
| 7:44 | Construir | House |
| 7:55 | Construir | House |
| 8:00 | Crear | Villager (Male) |
| 8:01 | Crear | Villager (Male) |
| 8:26 | Crear | Fishing Ship |
| 8:30 | Crear | Villager (Male) |
| 8:58 | Construir | Lumber Camp |
| 9:04 | Construir | Lumber Camp |
| 9:04 | Crear | Villager (Male) |
| 9:42 | Crear | Villager (Male) |
| 9:58 | Construir | House |
| 10:07 | Investigar | Feudal Age |
| 10:50 | Construir | Dock |
| 11:02 | Construir | House |
| 11:58 | Construir | Palisade Wall |
| 12:00 | Construir | Palisade Wall |
| 12:07 | Crear | Villager (Male) |
| 12:17 | Edad | Edad Feudal |
| 12:18 | Construir | Mining Camp |
| 12:21 | Crear | Unit 2626 |
| 12:21 | Crear | Unit 2626 |
| 12:23 | Investigar | Double-Bit Axe |
| 12:25 | Crear | Villager (Male) |
| 12:33 | Crear | Villager (Male) |
| 12:43 | Crear | Villager (Male) |
| 12:56 | Construir | Mill |
| 12:58 | Crear | Villager (Male) |
| 13:05 | Construir | House |
| 13:29 | Crear | Villager (Male) |
| 13:33 | Construir | Blacksmith |
| 13:35 | Crear | Villager (Male) |
| 13:48 | Construir | Market |
| 14:07 | Construir | House |
| 14:54 | Crear | Villager (Male) |
| 14:56 | Crear | Unit 2626 |
| 14:57 | Crear | Unit 2626 |
| 15:15 | Investigar | Loom |
| 15:34 | Crear | Demolition Raft |
| 15:56 | Crear | Unit 2626 |
| 15:57 | Crear | Unit 2626 |
| 16:13 | Crear | Unit 2626 |
| 16:18 | Crear | Villager (Male) |
| 16:20 | Construir | House |
| 17:07 | Investigar | Castle Age |
| 17:32 | Crear | Unit 2626 |
| 17:43 | Construir | House |
| 18:19 | Crear | Unit 2626 |
| 18:20 | Crear | Unit 2626 |
| 18:39 | Investigar | Gold Mining |
| 18:50 | Crear | Unit 2626 |
| 18:54 | Construir | House |
| 19:41 | Construir | Dock |
| 19:47 | Edad | Edad de los Castillos |
| 19:48 | Investigar | War Galley (upgrade) |
| 19:50 | Investigar | Bow Saw |
| 19:51 | Crear | Villager (Male) |
| 20:01 | Crear | Villager (Male) |
| 20:16 | Construir | Town Center |
| 20:20 | Crear | Villager (Male) |
| 20:28 | Crear | Villager (Male) |
| 20:36 | Crear | Villager (Male) |
| 20:47 | Investigar | Wheelbarrow |
| 20:51 | Crear | Villager (Male) |
| 20:54 | Investigar | Horse Collar |
| 21:15 | Crear | Fire Galley |
| 21:22 | Crear | Villager (Male) |
| 21:25 | Crear | Villager (Male) |
| 21:27 | Construir | Farm |
| 21:28 | Construir | Farm |
| 21:29 | Construir | Farm |
| 21:34 | Crear | Villager (Male) |
| 21:35 | Crear | Villager (Male) |
| 21:38 | Construir | Farm |
| 21:38 | Crear | Villager (Male) |
| 21:39 | Crear | Villager (Male) |
| 21:59 | Crear | Villager (Male) |
| 22:00 | Crear | Villager (Male) |
| 22:01 | Crear | Villager (Male) |
| 22:04 | Crear | Villager (Male) |
| 22:08 | Construir | Town Center |
| 22:18 | Construir | House |
| 22:19 | Construir | House |
| 22:22 | Crear | Villager (Male) |
| 22:36 | Crear | Villager (Male) |
| 22:36 | Crear | Villager (Male) |
| 22:37 | Crear | Villager (Male) |
| 22:40 | Construir | Farm |
| 22:40 | Construir | Farm |
| 22:44 | Construir | Farm |
| 22:44 | Crear | Villager (Male) |
| 22:59 | Crear | Villager (Male) |
| 23:08 | Construir | Barracks |
| 23:28 | Crear | Villager (Male) |
| 23:29 | Crear | Villager (Male) |
| 23:38 | Investigar | Fletching |
| 23:50 | Crear | Villager (Male) |
| 23:55 | Construir | Archery Range |
| 23:57 | Crear | Villager (Male) |
| 24:04 | Investigar | Padded Archer Armor |
| 24:12 | Crear | Villager (Male) |
| 24:13 | Crear | Villager (Male) |
| 24:19 | Construir | Farm |
| 24:20 | Construir | Farm |
| 24:21 | Construir | Farm |
| 24:22 | Crear | Villager (Male) |
| 24:41 | Investigar | Elite Skirmisher (upgrade) |
| 24:43 | Crear | Villager (Male) |
| 24:43 | Crear | Villager (Male) |
| 24:49 | Crear | Villager (Male) |
| 24:50 | Crear | Villager (Male) |
| 25:13 | Crear | Villager (Male) |
| 25:13 | Crear | Villager (Male) |
| 25:16 | Construir | Archery Range |
| 25:17 | Crear | Villager (Male) |
| 25:22 | Construir | Farm |
| 25:28 | Crear | Skirmisher |
| 25:35 | Construir | Farm |
| 25:36 | Crear | Villager (Male) |
| 25:39 | Construir | Farm |
| 25:40 | Construir | Farm |
| 25:41 | Construir | Farm |
| 25:57 | Crear | Unit 2626 |
| 25:58 | Crear | Unit 2626 |
| 26:21 | Crear | Villager (Male) |
Build order — Binereryy
Primeras 150 de 337 acciones detectadas
| 0:27 | Construir | Town Center |
| 0:59 | Construir | Dock |
| 2:15 | Construir | House |
| 2:41 | Crear | Villager (Male) |
| 2:42 | Crear | Villager (Male) |
| 2:42 | Crear | Villager (Male) |
| 2:42 | Crear | Villager (Male) |
| 3:03 | Construir | Palisade Wall |
| 3:05 | Construir | Palisade Wall |
| 3:07 | Construir | Palisade Wall |
| 4:06 | Crear | Fishing Ship |
| 4:14 | Investigar | Loom |
| 4:43 | Construir | House |
| 4:44 | Crear | Villager (Male) |
| 5:14 | Crear | Villager (Male) |
| 5:14 | Crear | Villager (Male) |
| 5:40 | Crear | Fishing Ship |
| 5:44 | Crear | Villager (Male) |
| 6:04 | Crear | Villager (Male) |
| 6:20 | Construir | House |
| 6:26 | Crear | Villager (Male) |
| 6:46 | Crear | Villager (Male) |
| 6:46 | Crear | Villager (Male) |
| 6:49 | Crear | Fishing Ship |
| 7:32 | Crear | Villager (Male) |
| 7:34 | Crear | Fishing Ship |
| 7:34 | Crear | Fishing Ship |
| 7:41 | Crear | Villager (Male) |
| 7:41 | Crear | Villager (Male) |
| 7:42 | Crear | Villager (Male) |
| 7:47 | Construir | House |
| 8:09 | Crear | Fishing Ship |
| 8:11 | Crear | Villager (Male) |
| 8:46 | Crear | Villager (Male) |
| 8:57 | Construir | Lumber Camp |
| 8:59 | Crear | Villager (Male) |
| 8:59 | Crear | Villager (Male) |
| 9:07 | Construir | House |
| 9:21 | Crear | Villager (Male) |
| 9:22 | Crear | Villager (Male) |
| 9:29 | Crear | Villager (Male) |
| 10:05 | Crear | Fishing Ship |
| 10:11 | Crear | Villager (Male) |
| 10:39 | Investigar | Feudal Age |
| 10:43 | Construir | Dock |
| 10:46 | Construir | House |
| 11:30 | Construir | Dock |
| 11:36 | Crear | Villager (Male) |
| 12:07 | Construir | House |
| 12:49 | Edad | Edad Feudal |
| 12:50 | Investigar | Double-Bit Axe |
| 12:51 | Crear | Unit 2626 |
| 12:51 | Crear | Unit 2626 |
| 12:52 | Crear | Unit 2626 |
| 13:19 | Crear | Villager (Male) |
| 13:19 | Crear | Villager (Male) |
| 13:26 | Construir | Mill |
| 13:31 | Crear | Unit 2626 |
| 13:33 | Crear | Villager (Male) |
| 13:33 | Crear | Villager (Male) |
| 13:52 | Crear | Unit 2626 |
| 13:52 | Crear | Unit 2626 |
| 14:27 | Crear | Unit 2626 |
| 14:27 | Crear | Unit 2626 |
| 14:40 | Crear | Villager (Male) |
| 14:40 | Crear | Villager (Male) |
| 14:59 | Construir | Blacksmith |
| 15:30 | Construir | House |
| 15:31 | Construir | House |
| 16:06 | Crear | Unit 2626 |
| 16:06 | Crear | Unit 2626 |
| 16:06 | Crear | Unit 2626 |
| 16:39 | Crear | Villager (Male) |
| 16:39 | Crear | Villager (Male) |
| 16:39 | Crear | Villager (Male) |
| 16:48 | Construir | House |
| 17:17 | Crear | Unit 2626 ×2 |
| 17:18 | Crear | Unit 2626 ×2 |
| 17:38 | Construir | House |
| 17:40 | Crear | Villager (Male) |
| 17:40 | Crear | Villager (Male) |
| 17:40 | Crear | Villager (Male) |
| 18:04 | Construir | Market |
| 18:19 | Crear | Villager (Male) |
| 18:20 | Crear | Villager (Male) |
| 18:23 | Construir | House |
| 18:35 | Construir | Farm |
| 18:37 | Construir | Farm |
| 18:38 | Construir | Farm |
| 19:17 | Crear | Villager (Male) |
| 19:28 | Construir | House |
| 19:32 | Construir | Farm |
| 19:44 | Investigar | Castle Age |
| 20:01 | Construir | House |
| 20:20 | Construir | Lumber Camp |
| 20:28 | Construir | Barracks |
| 20:56 | Construir | House |
| 22:01 | Construir | House |
| 22:24 | Edad | Edad de los Castillos |
| 22:29 | Crear | Villager (Male) |
| 22:34 | Construir | Town Center |
| 23:04 | Crear | Villager (Male) |
| 23:04 | Crear | Villager (Male) |
| 23:25 | Investigar | War Galley (upgrade) |
| 23:46 | Crear | Villager (Male) |
| 23:46 | Crear | Villager (Male) |
| 23:46 | Crear | Villager (Male) |
| 23:59 | Investigar | War Galley (upgrade) |
| 24:13 | Construir | Town Center |
| 24:16 | Crear | Villager (Male) |
| 24:16 | Crear | Villager (Male) |
| 24:16 | Crear | Villager (Male) |
| 24:27 | Crear | Unit 2626 |
| 24:27 | Crear | Unit 2626 |
| 24:59 | Crear | Fire Galley |
| 24:59 | Crear | Fire Galley |
| 25:06 | Crear | Unit 2626 |
| 25:06 | Crear | Unit 2626 |
| 25:10 | Crear | Villager (Male) |
| 25:11 | Crear | Villager (Male) |
| 25:20 | Crear | Villager (Male) |
| 25:20 | Crear | Villager (Male) |
| 25:48 | Crear | Villager (Male) |
| 25:48 | Crear | Villager (Male) |
| 25:53 | Construir | House |
| 25:56 | Construir | Farm |
| 25:58 | Construir | Farm |
| 25:58 | Construir | Farm |
| 26:03 | Investigar | Horse Collar |
| 26:21 | Crear | Unit 2626 |
| 26:21 | Crear | Unit 2626 |
| 26:24 | Crear | Villager (Male) |
| 26:24 | Crear | Villager (Male) |
| 26:24 | Crear | Villager (Male) |
| 26:35 | Construir | Farm |
| 26:36 | Construir | Farm |
| 26:37 | Construir | Farm |
| 26:37 | Construir | Farm |
| 26:51 | Construir | House |
| 26:59 | Crear | Unit 2626 |
| 26:59 | Crear | Unit 2626 |
| 27:17 | Crear | Unit 2626 |
| 27:17 | Crear | Unit 2626 |
| 27:18 | Crear | Villager (Male) |
| 27:19 | Crear | Villager (Male) |
| 27:19 | Crear | Villager (Male) |
| 27:34 | Construir | Lumber Camp |
| 27:48 | Crear | Villager (Male) |
| 27:55 | Construir | House |
| 28:03 | Construir | Town Center |
Build order — Tienchim
Primeras 150 de 188 acciones detectadas
| 0:03 | Construir | Town Center |
| 0:22 | Construir | Dock |
| 0:23 | Construir | House |
| 2:29 | Crear | Villager (Male) |
| 2:29 | Crear | Villager (Male) |
| 2:29 | Crear | Villager (Male) |
| 2:29 | Crear | Villager (Male) |
| 3:21 | Crear | Villager (Male) |
| 4:05 | Crear | Fishing Ship |
| 4:23 | Investigar | Loom |
| 4:23 | Investigar | Loom |
| 4:43 | Construir | House |
| 4:54 | Crear | Villager (Male) |
| 4:54 | Crear | Villager (Male) |
| 5:14 | Crear | Fishing Ship |
| 5:14 | Crear | Fishing Ship |
| 5:43 | Crear | Villager (Male) |
| 5:53 | Construir | House |
| 6:02 | Crear | Villager (Male) |
| 6:30 | Crear | Villager (Male) |
| 6:31 | Crear | Villager (Male) |
| 6:31 | Crear | Villager (Male) |
| 6:41 | Crear | Villager (Male) |
| 6:43 | Crear | Fishing Ship |
| 6:43 | Crear | Fishing Ship |
| 7:14 | Crear | Villager (Male) |
| 7:31 | Construir | House |
| 7:39 | Crear | Villager (Male) |
| 7:39 | Crear | Villager (Male) |
| 7:39 | Crear | Villager (Male) |
| 7:50 | Crear | Fishing Ship |
| 8:07 | Crear | Villager (Male) |
| 8:32 | Construir | House |
| 8:34 | Crear | Villager (Male) |
| 8:46 | Crear | Villager (Male) |
| 9:06 | Construir | Mill |
| 9:06 | Crear | Villager (Male) |
| 9:22 | Crear | Villager (Male) |
| 9:34 | Crear | Fishing Ship |
| 9:34 | Crear | Fishing Ship |
| 9:44 | Crear | Villager (Male) |
| 9:52 | Crear | Villager (Male) |
| 10:06 | Crear | Villager (Male) |
| 10:23 | Construir | Mining Camp |
| 10:37 | Crear | Fishing Ship |
| 11:02 | Construir | Palisade Wall |
| 11:14 | Investigar | Feudal Age |
| 11:28 | Crear | Villager (Male) |
| 11:28 | Crear | Villager (Male) |
| 12:07 | Construir | Palisade Wall |
| 12:17 | Crear | Villager (Male) |
| 12:44 | Construir | Palisade Wall |
| 12:48 | Crear | Villager (Male) |
| 13:12 | Construir | Palisade Wall |
| 13:16 | Construir | Palisade Wall |
| 13:18 | Crear | Villager (Male) |
| 13:18 | Crear | Villager (Male) |
| 13:24 | Edad | Edad Feudal |
| 13:31 | Construir | Market |
| 13:37 | Construir | Palisade Wall |
| 13:41 | Crear | Villager (Male) |
| 13:42 | Crear | Villager (Male) |
| 13:48 | Construir | Blacksmith |
| 13:59 | Crear | Villager (Male) |
| 13:59 | Crear | Villager (Male) |
| 14:59 | Investigar | Castle Age |
| 15:17 | Construir | Mining Camp |
| 15:28 | Construir | Barracks |
| 15:54 | Construir | Palisade Wall |
| 15:55 | Construir | Palisade Wall |
| 16:06 | Construir | Palisade Wall |
| 16:14 | Crear | Spearman |
| 16:34 | Crear | Villager (Male) |
| 16:37 | Construir | Lumber Camp |
| 16:52 | Construir | Palisade Wall |
| 16:53 | Construir | Palisade Wall |
| 16:58 | Construir | Palisade Wall |
| 17:05 | Construir | Palisade Wall |
| 17:06 | Construir | Palisade Wall |
| 17:12 | Crear | Spearman |
| 17:39 | Edad | Edad de los Castillos |
| 17:42 | Crear | Villager (Male) |
| 17:42 | Crear | Villager (Male) |
| 17:43 | Crear | Villager (Male) |
| 18:01 | Crear | Villager (Male) |
| 18:13 | Construir | Castle |
| 18:18 | Construir | Palisade Wall |
| 18:34 | Construir | Palisade Wall |
| 18:35 | Construir | Palisade Wall |
| 18:37 | Crear | Villager (Male) |
| 18:55 | Crear | Villager (Male) |
| 19:02 | Construir | Palisade Wall |
| 19:05 | Construir | Palisade Wall |
| 19:09 | Construir | Palisade Wall |
| 19:11 | Construir | Palisade Wall |
| 19:28 | Crear | Villager (Male) |
| 19:58 | Crear | Obuch |
| 19:58 | Crear | Obuch |
| 20:19 | Crear | Villager (Male) |
| 20:36 | Construir | Farm |
| 20:37 | Crear | Villager (Male) |
| 20:47 | Crear | Obuch |
| 20:47 | Crear | Obuch |
| 21:02 | Construir | Town Center |
| 21:07 | Crear | Obuch |
| 21:07 | Crear | Obuch |
| 21:08 | Crear | Villager (Male) |
| 21:08 | Crear | Villager (Male) |
| 21:41 | Construir | Siege Workshop |
| 21:44 | Crear | Villager (Male) |
| 21:44 | Crear | Villager (Male) |
| 21:48 | Construir | Farm |
| 22:01 | Investigar | Scale Mail Armor |
| 22:06 | Construir | Farm |
| 22:08 | Construir | Farm |
| 22:09 | Construir | Farm |
| 22:10 | Construir | Farm |
| 22:15 | Crear | Villager (Male) |
| 22:20 | Investigar | Double-Bit Axe |
| 22:20 | Investigar | Double-Bit Axe |
| 22:39 | Crear | Mangonel |
| 22:44 | Crear | Villager (Male) |
| 23:01 | Investigar | Horse Collar |
| 23:36 | Crear | Villager (Male) |
| 23:41 | Crear | Battering Ram |
| 23:44 | Crear | Villager (Male) |
| 23:44 | Crear | Villager (Male) |
| 23:44 | Crear | Villager (Male) |
| 24:28 | Crear | Mangonel |
| 24:58 | Construir | Mining Camp |
| 25:20 | Crear | Obuch |
| 25:20 | Crear | Obuch |
| 25:25 | Crear | Villager (Male) |
| 25:25 | Crear | Villager (Male) |
| 25:26 | Crear | Villager (Male) |
| 25:59 | Crear | Villager (Male) |
| 26:27 | Crear | Villager (Male) |
| 26:35 | Crear | Villager (Male) |
| 26:36 | Crear | Villager (Male) |
| 26:36 | Crear | Villager (Male) |
| 26:36 | Crear | Villager (Male) |
| 27:49 | Construir | Castle |
| 27:57 | Crear | Obuch |
| 27:58 | Crear | Obuch |
| 28:00 | Crear | Villager (Male) |
| 28:02 | Construir | House |
| 28:03 | Construir | House |
| 28:43 | Construir | Mining Camp |
| 28:55 | Crear | Mangonel |
| 29:37 | Crear | Villager (Male) |
Cronología de la partida
| 0:22 | Tienchim · first_building Dock |
| 0:38 | Gờ Gờ · first_building Dock |
| 0:41 | Sói · first_building Dock |
| 0:55 | Chim Cu Đi Tắm · first_building Dock |
| 0:59 | Binereryy · first_building Dock |
| 1:07 | BĂNG GIÁ PRO · first_building Dock |
| 1:22 | Mr.Peo · first_building Dock |
| 1:29 | bathi90dn · first_building Dock |
| 3:03 | Binereryy · wall_segment Palisade Wall x1 |
| 3:05 | Binereryy · wall_segment Palisade Wall x1 |
| 3:07 | Binereryy · wall_segment Palisade Wall x1 |
| 7:10 | Mr.Peo · wall_segment Palisade Wall x1 |
| 9:49 | Mr.Peo · wall_segment Palisade Wall x1 |
| 9:53 | Mr.Peo · wall_segment Palisade Wall x4 |
| 9:54 | Mr.Peo · wall_segment Palisade Wall x1 |
| 11:02 | Tienchim · wall_segment Palisade Wall x6 |
| 11:58 | Chim Cu Đi Tắm · wall_segment Palisade Wall x1 |
| 12:00 | Chim Cu Đi Tắm · wall_segment Palisade Wall x1 |
| 12:01 | bathi90dn · first_building Barracks |
| 12:02 | Gờ Gờ · age_up feudal |
| 12:07 | Tienchim · wall_segment Palisade Wall x2 |
| 12:17 | Chim Cu Đi Tắm · age_up feudal |
| 12:44 | Tienchim · wall_segment Palisade Wall x3 |
| 12:46 | Mr.Peo · wall_segment Palisade Wall x5 |
| 12:47 | BĂNG GIÁ PRO · wall_segment Palisade Wall x1 |
| 12:48 | BĂNG GIÁ PRO · wall_segment Palisade Wall x1 |
| 12:49 | Binereryy · age_up feudal |
| 12:49 | BĂNG GIÁ PRO · wall_segment Palisade Wall x1 |
| 12:50 | BĂNG GIÁ PRO · wall_segment Palisade Wall x1 |
| 12:50 | BĂNG GIÁ PRO · wall_segment Palisade Wall x1 |
| 12:52 | bathi90dn · age_up feudal |
| 12:55 | bathi90dn · first_building Stable |
| 13:12 | Tienchim · wall_segment Palisade Wall x1 |
| 13:16 | Tienchim · wall_segment Palisade Wall x1 |
| 13:19 | Mr.Peo · age_up feudal |
| 13:24 | Tienchim · age_up feudal |
| 13:33 | BĂNG GIÁ PRO · age_up feudal |
| 13:37 | Tienchim · wall_segment Palisade Wall x1 |
| 13:42 | Mr.Peo · wall_segment Palisade Wall x1 |
| 13:56 | Sói · age_up feudal |
| 14:46 | BĂNG GIÁ PRO · wall_segment Palisade Wall x1 |
| 14:47 | BĂNG GIÁ PRO · wall_segment Palisade Wall x1 |
| 14:48 | BĂNG GIÁ PRO · wall_segment Palisade Wall x1 |
| 15:02 | Gờ Gờ · first_building Stable |
| 15:28 | Tienchim · first_building Barracks |
| 15:54 | Sói · wall_segment Palisade Wall x1 |
| 15:54 | Tienchim · wall_segment Palisade Wall x1 |
| 15:55 | Sói · wall_segment Palisade Wall x6 |
| 15:55 | Tienchim · wall_segment Palisade Wall x1 |
| 16:06 | Tienchim · wall_segment Palisade Wall x1 |
| 16:49 | BĂNG GIÁ PRO · wall_segment Palisade Wall x8 |
| 16:52 | Tienchim · wall_segment Palisade Wall x1 |
| 16:53 | Tienchim · wall_segment Palisade Wall x1 |
| 16:57 | bathi90dn · age_up castle |
| 16:57 | Mr.Peo · age_up castle |
| 16:58 | Tienchim · wall_segment Palisade Wall x3 |
| 17:05 | Tienchim · wall_segment Palisade Wall x1 |
| 17:06 | Tienchim · wall_segment Palisade Wall x1 |
| 17:17 | Gờ Gờ · age_up castle |
| 17:26 | Mr.Peo · first_building Castle |
| 17:30 | BĂNG GIÁ PRO · age_up castle |
| 17:39 | Tienchim · age_up castle |
| 17:40 | bathi90dn · first_building Siege Workshop |
| 17:44 | Sói · age_up castle |
| 17:51 | Sói · first_building Castle |
| 18:13 | Tienchim · first_building Castle |
| 18:18 | Tienchim · wall_segment Palisade Wall x1 |
| 18:20 | Sói · wall_segment Stone Wall x4 |
| 18:25 | BĂNG GIÁ PRO · wall_segment Palisade Wall x1 |
| 18:34 | Tienchim · wall_segment Palisade Wall x1 |
| 18:34 | BĂNG GIÁ PRO · first_building Monastery |
| 18:35 | Tienchim · wall_segment Palisade Wall x1 |
| 18:58 | Binereryy · first_market_buy 500 food |
| 19:02 | Tienchim · wall_segment Palisade Wall x1 |
| 19:05 | Tienchim · wall_segment Palisade Wall x1 |
| 19:09 | Tienchim · wall_segment Palisade Wall x1 |
| 19:11 | Tienchim · wall_segment Palisade Wall x1 |
| 19:47 | Chim Cu Đi Tắm · age_up castle |
| 19:56 | Chim Cu Đi Tắm · first_market_buy 100 wood |
| 20:28 | Binereryy · first_building Barracks |
| 20:33 | bathi90dn · wall_segment Palisade Wall x11 |
| 21:28 | BĂNG GIÁ PRO · first_building Siege Workshop |
| 21:33 | Gờ Gờ · first_building Monastery |
| 21:41 | Tienchim · first_building Siege Workshop |
| 22:24 | Binereryy · age_up castle |
| 23:08 | Chim Cu Đi Tắm · first_building Barracks |
| 23:11 | Gờ Gờ · wall_segment Stone Wall x1 |
| 23:50 | Mr.Peo · first_building Siege Workshop |
| 23:55 | Chim Cu Đi Tắm · first_building Archery Range |
| 24:58 | Gờ Gờ · first_building Siege Workshop |
| 25:06 | Gờ Gờ · first_market_buy 100 food |
| 26:29 | BĂNG GIÁ PRO · first_building Castle |
| 28:09 | Mr.Peo · first_building Barracks |
| 28:18 | Sói · first_market_buy 100 food |
| 28:31 | Mr.Peo · first_market_buy 100 stone |
| 28:47 | Chim Cu Đi Tắm · wall_segment Palisade Wall x1 |
| 29:58 | Chim Cu Đi Tắm · first_building Monastery |
| 30:01 | Gờ Gờ · first_building Castle |
| 30:04 | Mr.Peo · first_building Stable |
| 30:34 | Gờ Gờ · first_market_sell 500 stone |
| 31:06 | Binereryy · first_building Castle |
| 31:33 | Sói · age_up imperial |
| 31:41 | Sói · first_market_sell 100 wood |
| 32:05 | bathi90dn · first_building Castle |
| 33:36 | Binereryy · first_market_sell 100 stone |
| 35:07 | Gờ Gờ · age_up imperial |
| 35:10 | Chim Cu Đi Tắm · age_up imperial |
| 35:20 | Mr.Peo · first_building Monastery |
| 35:27 | Binereryy · first_building Siege Workshop |
| 35:35 | Mr.Peo · first_building Archery Range |
| 37:03 | Binereryy · age_up imperial |
| 37:39 | Mr.Peo · wall_segment Stone Wall x1 |
| 37:40 | Mr.Peo · wall_segment Stone Wall x1 |
| 37:41 | Mr.Peo · wall_segment Stone Wall x1 |
| 37:49 | Chim Cu Đi Tắm · first_building Castle |
| 38:06 | Binereryy · first_building Stable |
| 38:12 | Mr.Peo · age_up imperial |
| 38:22 | Chim Cu Đi Tắm · first_market_sell 100 wood |
| 39:29 | Sói · tribute_sent a jugador 1 |
| 39:29 | Sói · tribute_sent a jugador 3 |
| 39:29 | Sói · tribute_sent a jugador 4 |
| 39:29 | Sói · tribute_sent a jugador 5 |
| 39:29 | Sói · tribute_sent a jugador 6 |
| 39:29 | Sói · tribute_sent a jugador 7 |
| 39:29 | Sói · tribute_sent a jugador 8 |
| 41:04 | Sói · tribute_sent a jugador 1 |
| 41:04 | Sói · tribute_sent a jugador 3 |
| 41:04 | Sói · tribute_sent a jugador 4 |
| 41:04 | Sói · tribute_sent a jugador 5 |
| 41:04 | Sói · tribute_sent a jugador 6 |
| 41:04 | Sói · tribute_sent a jugador 7 |
| 41:04 | Sói · tribute_sent a jugador 8 |
| 42:31 | BĂNG GIÁ PRO · first_market_buy 100 stone |
| 43:14 | Sói · tribute_sent a jugador 1 |
| 43:14 | Sói · tribute_sent a jugador 3 |
| 43:14 | Sói · tribute_sent a jugador 4 |
| 43:14 | Sói · tribute_sent a jugador 5 |
| 43:14 | Sói · tribute_sent a jugador 6 |
| 43:14 | Sói · tribute_sent a jugador 7 |
| 43:14 | Sói · tribute_sent a jugador 8 |
| 44:13 | bathi90dn · age_up imperial |
| 46:00 | BĂNG GIÁ PRO · first_building Barracks |
| 46:02 | Sói · first_building Barracks |
| 46:25 | Tienchim · wall_segment Palisade Wall x1 |
| 46:28 | Tienchim · wall_segment Palisade Wall x1 |
| 46:31 | Tienchim · wall_segment Palisade Wall x1 |
| 47:15 | Gờ Gờ · first_building Barracks |
| 47:37 | Sói · first_building Stable |
| 48:24 | bathi90dn · first_market_sell 500 wood |
| 49:06 | Gờ Gờ · resign |
| 49:31 | BĂNG GIÁ PRO · age_up imperial |
[ ANÁLISIS IA · 1 CRÉDITO ]
¿Qué pasó realmente en esta partida?
Wolo.gg analiza cada decisión: build order, eco, micro, errores típicos por bracket. Análisis personalizado por WhatsApp o Discord en 30 segundos.
Guía civ
Britanos
Perfil
Jugador #8790081